| TOP OF THE 1ST |
|
Oklahoma State University Cowboys batting - Pitching for Pennsylvania State University Nittany Lions : RHP Eudaldo Cuyco
|
|
Pitching: RHP Eudaldo Cuyco
|
|
|
Batting: RHB Settan Nakamura
|
0-0: Ball 1-0: Called Strike 1-1: Bunt for hit to 3S - play at first, batter OUT! 3-4
|
|
Batting: SHB Mel Gonzalez
|
0-0: Fly out, F8 (Line Drive, 8LD, EV 97.5 MPH)
|
|
Batting: RHB Ben Saxton
|
0-0: Swinging Strike 0-1: Ball 1-1: Ball 2-1: Ball 3-1: Called Strike 3-2: Base on Balls
|
|
Batting: LHB Rafael Banda
|
0-0: Swinging Strike 0-1: Ball 1-1: Foul Ball, location: 2F 1-2: Ball 2-2: Foul Ball, location: 2F 2-2: Ball 3-2: Strikes out swinging
|
| Top of the 1st over - 0 runs, 0 hits, 0 errors, 1 left on base; Oklahoma State University 0 - Pennsylvania State University 0 |
| BOTTOM OF THE 1ST |
|
Pennsylvania State University Nittany Lions batting - Pitching for Oklahoma State University Cowboys : RHP Cole Roome
|
|
Pitching: RHP Cole Roome
|
|
|
Batting: RHB John Hopkins
|
0-0: Ball 1-0: Ball 2-0: Ball 3-0: Base on Balls
|
|
Batting: RHB Craig Alvarado
|
0-0: Fielders Choice at 2nd, 6-4 (Groundball, 56, EV 90.6 MPH)
|
|
Batting: SHB Oscar Barahona
|
0-0: Reached on error, E3 (Groundball, 3, EV 79.4 MPH) Craig Alvarado to second
|
|
Batting: SHB Glenn Harrison
|
0-0: Ball 1-0: Fly out, F8 (Flyball, 78S, EV 85.0 MPH)
|
|
Batting: RHB Klaus Brown
|
0-0: Fly out, F6 (Line Drive, 56, EV 70.0 MPH)
|
| Bottom of the 1st over - 0 runs, 0 hits, 1 error, 2 left on base; Oklahoma State University 0 - Pennsylvania State University 0 |
| TOP OF THE 2ND |
|
Oklahoma State University Cowboys batting - Pitching for Pennsylvania State University Nittany Lions : RHP Eudaldo Cuyco
|
|
Batting: RHB Masakuni Takeuchi
|
0-0: Called Strike 0-1: Ball 1-1: Called Strike 1-2: Foul Ball, location: 2F 1-2: Ball 2-2: Foul Ball, location: 2F 2-2: Ground out U3 (Groundball, 34S, EV 84.4 MPH)
|
|
Batting: LHB Vecdi Ertegun
|
0-0: Swinging Strike 0-1: Fly out, F7 (Flyball, 78M, EV 93.8 MPH)
|
|
Batting: RHB Ji-an See-to
|
0-0: Foul Ball, location: 2F 0-1: Swinging Strike 0-2: Ball 1-2: Strikes out swinging
|
| Top of the 2nd over - 0 runs, 0 hits, 0 errors, 0 left on base; Oklahoma State University 0 - Pennsylvania State University 0 |
| BOTTOM OF THE 2ND |
|
Pennsylvania State University Nittany Lions batting - Pitching for Oklahoma State University Cowboys : RHP Cole Roome
|
|
Batting: RHB Mike Smith
|
0-0: Ball 1-0: SINGLE (Line Drive, 9S, EV 108.1 MPH)
|
|
Batting: RHB Fernando Membreno
|
0-0: Ball 1-0: Fly out, F9 (Flyball, 9, EV 73.1 MPH)
|
|
Batting: RHB Jesus Resendez
|
0-0: Foul Ball, location: 2F 0-1: Ball 1-1: Called Strike 1-2: SINGLE (Groundball, 34D, EV 96.2 MPH) Mike Smith to second Runner from 2nd tries for 3rd, SAFE, throw by RF made to third
|
|
Batting: RHB Jesse Sargent
|
0-0: Fly out, F7 (Flyball, 7, EV 88.1 MPH)
|
|
Batting: RHB John Hopkins
|
0-0: Ball 1-0: Ball 2-0: Ball 3-0: Base on Balls Jesus Resendez to second
|
|
Batting: RHB Craig Alvarado
|
0-0: Ball 1-0: Swinging Strike 1-1: Foul Ball, location: 2F 1-2: Foul Ball, location: 2F 1-2: Ball 2-2: Ball 3-2: Foul Ball, location: 2F 3-2: Fly out, F3 (Line Drive, 3, EV 71.2 MPH)
|
| Bottom of the 2nd over - 0 runs, 2 hits, 0 errors, 3 left on base; Oklahoma State University 0 - Pennsylvania State University 0 |
| TOP OF THE 3RD |
|
Oklahoma State University Cowboys batting - Pitching for Pennsylvania State University Nittany Lions : RHP Eudaldo Cuyco
|
|
Batting: RHB Pedro Luera
|
0-0: Ball 1-0: Ball 2-0: Ball 3-0: Called Strike 3-1: Called Strike 3-2: Foul Ball, location: 2F 3-2: Foul Ball, location: 2F 3-2: Foul Ball, location: 2F 3-2: SINGLE (Line Drive, 8LS, EV 101.9 MPH)
|
|
Batting: RHB Mennad Maalik
|
0-0: Foul Ball, location: 2F 0-1: Fielders Choice at 2nd, 4-6 (Groundball, 4, EV 76.9 MPH)
|
|
Batting: RHB Settan Nakamura
|
0-0: Swinging Strike 0-1: Fly out, F8 (Flyball, 8RD, EV 102.5 MPH)
|
|
Batting: SHB Mel Gonzalez
|
0-0: Foul Ball, location: 2F 0-1: Foul Ball, location: 2F 0-2: Ball 1-2: SINGLE (Groundball, 4MD, EV 101.9 MPH) Mennad Maalik to second Runner from 2nd tries for 3rd, SAFE, throw by CF made to third
|
|
Batting: RHB Ben Saxton
|
0-0: Ball 1-0: Foul Ball, location: 2F 1-1: DOUBLE (Line Drive, 3D, EV 95.6 MPH) Mennad Maalik scores Mel Gonzalez to third Runner from 3rd tries for Home, SAFE, throw by RF to home
|
|
Batting: LHB Rafael Banda
|
0-0: Fly out, F9 (Line Drive, 89M, EV 90.0 MPH)
|
| Top of the 3rd over - 2 runs, 3 hits, 0 errors, 1 left on base; Oklahoma State University 2 - Pennsylvania State University 0 |
| BOTTOM OF THE 3RD |
|
Pennsylvania State University Nittany Lions batting - Pitching for Oklahoma State University Cowboys : RHP Cole Roome
|
|
Batting: SHB Oscar Barahona
|
0-0: Ground out U3 (Groundball, 3L, EV 78.8 MPH)
|
|
Batting: SHB Glenn Harrison
|
0-0: SINGLE (Groundball, 25, EV 73.1 MPH) (infield hit)
|
|
Batting: RHB Klaus Brown
|
0-0: Ball 1-0: Ball 2-0: Fly out, F8 (Flyball, 8LM, EV 89.4 MPH)
|
|
Batting: RHB Mike Smith
|
0-0: Called Strike 0-1: Ball 1-1: Fielders Choice at 2nd, U6 (Groundball, 6M, EV 90.0 MPH)
|
| Bottom of the 3rd over - 0 runs, 1 hit, 0 errors, 1 left on base; Oklahoma State University 2 - Pennsylvania State University 0 |
| TOP OF THE 4TH |
|
Oklahoma State University Cowboys batting - Pitching for Pennsylvania State University Nittany Lions : RHP Eudaldo Cuyco
|
|
Batting: RHB Masakuni Takeuchi
|
0-0: Foul Ball, location: 2F 0-1: Foul Ball, location: 2F 0-2: Ball 1-2: Strikes out swinging
|
|
Batting: LHB Vecdi Ertegun
|
0-0: Ball 1-0: Ball 2-0: Swinging Strike 2-1: Fly out, F7 (Flyball, 7S, EV 83.1 MPH)
|
|
Batting: RHB Ji-an See-to
|
0-0: Ball 1-0: Foul Ball, location: 2F 1-1: Fly out, F8 (Flyball, 8RXD, EV 88.1 MPH)
|
| Top of the 4th over - 0 runs, 0 hits, 0 errors, 0 left on base; Oklahoma State University 2 - Pennsylvania State University 0 |
| BOTTOM OF THE 4TH |
|
Pennsylvania State University Nittany Lions batting - Pitching for Oklahoma State University Cowboys : RHP Cole Roome
|
|
Batting: RHB Fernando Membreno
|
0-0: Ground out 6-3 (Groundball, 6, EV 86.2 MPH)
|
|
Batting: RHB Jesus Resendez
|
0-0: Called Strike 0-1: Foul Ball, location: 2F 0-2: Ground out 5-3 (Groundball, 56, EV 82.5 MPH)
|
|
Batting: RHB Jesse Sargent
|
0-0: Called Strike 0-1: Ground out 5-3 (Groundball, 5, EV 100.6 MPH)
|
| Bottom of the 4th over - 0 runs, 0 hits, 0 errors, 0 left on base; Oklahoma State University 2 - Pennsylvania State University 0 |
| TOP OF THE 5TH |
|
Oklahoma State University Cowboys batting - Pitching for Pennsylvania State University Nittany Lions : RHP Eudaldo Cuyco
|
|
Batting: RHB Pedro Luera
|
0-0: Ball 1-0: Ball 2-0: Ball 3-0: Called Strike 3-1: Base on Balls
|
|
Batting: RHB Mennad Maalik
|
0-0: Sac Bunt to P - play at first, batter OUT! 1-3 Pedro Luera to second
|
|
Batting: RHB Settan Nakamura
|
0-0: Foul Ball, location: 2F 0-1: Fly out, F8 (Line Drive, 8RD, EV 87.5 MPH)
|
|
Batting: SHB Mel Gonzalez
|
0-0: Foul Ball, location: 2F 0-1: Reached on error, E3 (Groundball, 13, EV 80.0 MPH) Pedro Luera to third
|
|
Batting: RHB Ben Saxton
|
0-0: Ball 1-0: DOUBLE (Flyball, 8RXD, EV 113.1 MPH) Pedro Luera scores Mel Gonzalez to third Runner from 3rd tries for Home, SAFE, throw by CF to home
|
|
Batting: LHB Rafael Banda
|
0-0: Called Strike 0-1: Ball 1-1: Ground out U3 (Groundball, 3, EV 89.4 MPH)
|
| Top of the 5th over - 2 runs, 1 hit, 1 error, 1 left on base; Oklahoma State University 4 - Pennsylvania State University 0 |
| BOTTOM OF THE 5TH |
|
Pennsylvania State University Nittany Lions batting - Pitching for Oklahoma State University Cowboys : RHP Cole Roome
|
|
Batting: RHB John Hopkins
|
0-0: Ball 1-0: Fly out, F6 (Popup, 6S, EV 75.6 MPH)
|
|
Batting: RHB Craig Alvarado
|
0-0: Ball 1-0: Called Strike 1-1: SINGLE (Line Drive, 8RS, EV 105.6 MPH)
|
|
Batting: SHB Oscar Barahona
|
0-0: SINGLE (Groundball, 56S, EV 68.1 MPH) (infield hit) Craig Alvarado to second
|
|
Batting: SHB Glenn Harrison
|
0-0: Called Strike 0-1: Ball 1-1: Ball 2-1: Fly out, F8 (Line Drive, 8LM, EV 91.9 MPH)
|
|
Batting: RHB Klaus Brown
|
0-0: Fielders Choice at 2nd, 5-4 (Groundball, 56, EV 88.1 MPH)
|
| Bottom of the 5th over - 0 runs, 2 hits, 0 errors, 2 left on base; Oklahoma State University 4 - Pennsylvania State University 0 |
| TOP OF THE 6TH |
|
Oklahoma State University Cowboys batting - Pitching for Pennsylvania State University Nittany Lions : RHP Eudaldo Cuyco
|
|
Batting: RHB Masakuni Takeuchi
|
0-0: Ball 1-0: Foul Ball, location: 2F 1-1: Foul Ball, location: 2F 1-2: Fly out, F8 (Flyball, 8RM, EV 86.2 MPH)
|
|
Pitching: RHP Mike Watkins
|
|
|
Batting: LHB Vecdi Ertegun
|
0-0: Called Strike 0-1: Ball 1-1: Fly out, F7 (Flyball, 78M, EV 80.0 MPH)
|
|
Batting: RHB Ji-an See-to
|
0-0: Called Strike 0-1: Fly out, F8 (Line Drive, 78S, EV 100.0 MPH)
|
| Top of the 6th over - 0 runs, 0 hits, 0 errors, 0 left on base; Oklahoma State University 4 - Pennsylvania State University 0 |
| BOTTOM OF THE 6TH |
|
Pennsylvania State University Nittany Lions batting - Pitching for Oklahoma State University Cowboys : RHP Cole Roome
|
|
Batting: RHB Mike Smith
|
0-0: Fly out, F9 (Flyball, 89M, EV 79.4 MPH)
|
|
Batting: RHB Fernando Membreno
|
0-0: Ball 1-0: Swinging Strike 1-1: Ground out 5-3 (Groundball, 56S, EV 81.2 MPH)
|
|
Batting: RHB Jesus Resendez
|
0-0: Called Strike 0-1: Called Strike 0-2: Strikes out swinging
|
| Bottom of the 6th over - 0 runs, 0 hits, 0 errors, 0 left on base; Oklahoma State University 4 - Pennsylvania State University 0 |
| TOP OF THE 7TH |
|
Oklahoma State University Cowboys batting - Pitching for Pennsylvania State University Nittany Lions : RHP Mike Watkins
|
|
Batting: RHB Pedro Luera
|
0-0: Ball 1-0: Ball 2-0: Ground out 4-3 (Groundball, 4S, EV 87.5 MPH)
|
|
Batting: RHB Mennad Maalik
|
0-0: Swinging Strike 0-1: Ball 1-1: Ball 2-1: Foul Ball, location: 2F 2-2: SINGLE (Groundball, 34D, EV 100.6 MPH)
|
|
Batting: RHB Settan Nakamura
|
0-0: Ball 1-0: Ball 2-0: Called Strike 2-1: Swinging Strike 2-2: Strikes out swinging
|
|
Batting: SHB Mel Gonzalez
|
0-0: Ball Mennad Maalik steals 2nd base 1-0: Ball 2-0: Called Strike 2-1: Fly out, F6 (Line Drive, 6, EV 71.2 MPH)
|
| Top of the 7th over - 0 runs, 1 hit, 0 errors, 1 left on base; Oklahoma State University 4 - Pennsylvania State University 0 |
| BOTTOM OF THE 7TH |
|
Pennsylvania State University Nittany Lions batting - Pitching for Oklahoma State University Cowboys : RHP Cole Roome
|
|
Batting: RHB Jesse Sargent
|
0-0: Ball 1-0: Ground out 5-3 (Groundball, 56, EV 77.5 MPH)
|
|
Batting: RHB John Hopkins
|
0-0: Ball 1-0: Ground out 4-3 (Groundball, 4, EV 105.6 MPH)
|
|
Batting: RHB Craig Alvarado
|
0-0: Ball 1-0: Ground out 1-3 (Groundball, 34S, EV 70.6 MPH)
|
| Bottom of the 7th over - 0 runs, 0 hits, 0 errors, 0 left on base; Oklahoma State University 4 - Pennsylvania State University 0 |
| TOP OF THE 8TH |
|
Oklahoma State University Cowboys batting - Pitching for Pennsylvania State University Nittany Lions : RHP Mike Watkins
|
|
Pitching: RHP Carmem Bonnet
|
|
|
Batting: RHB Ben Saxton
|
0-0: Called Strike 0-1: Foul Ball, location: 2F 0-2: Foul Ball, location: 2F 0-2: Strikes out swinging
|
|
Batting: LHB Rafael Banda
|
0-0: Ball 1-0: Foul Ball, location: 2F 1-1: Ball 2-1: Called Strike 2-2: Strikes out swinging
|
|
Batting: RHB Masakuni Takeuchi
|
0-0: Ball 1-0: Fly out, F3 (Popup, 3SF, EV 69.4 MPH)
|
| Top of the 8th over - 0 runs, 0 hits, 0 errors, 0 left on base; Oklahoma State University 4 - Pennsylvania State University 0 |
| BOTTOM OF THE 8TH |
|
Pennsylvania State University Nittany Lions batting - Pitching for Oklahoma State University Cowboys : RHP Cole Roome
|
|
Batting: SHB Oscar Barahona
|
0-0: Ball 1-0: Called Strike 1-1: Foul Ball, location: 2F 1-2: Ball 2-2: Strikes out swinging
|
|
Batting: SHB Glenn Harrison
|
0-0: Foul Ball, location: 2F 0-1: Ball 1-1: Ball 2-1: Called Strike 2-2: Fly out, F2 (Popup, 25F, EV 91.9 MPH)
|
|
Batting: RHB Klaus Brown
|
0-0: Ground out 5-3 (Groundball, 56, EV 101.9 MPH)
|
| Bottom of the 8th over - 0 runs, 0 hits, 0 errors, 0 left on base; Oklahoma State University 4 - Pennsylvania State University 0 |
| TOP OF THE 9TH |
|
Oklahoma State University Cowboys batting - Pitching for Pennsylvania State University Nittany Lions : RHP Carmem Bonnet
|
|
Batting: LHB Vecdi Ertegun
|
0-0: Swinging Strike 0-1: Foul Ball, location: 2F 0-2: Foul Ball, location: 2F 0-2: Ball 1-2: Strikes out swinging
|
|
Batting: RHB Ji-an See-to
|
0-0: Ball 1-0: Called Strike 1-1: Ball 2-1: Ball 3-1: Base on Balls
|
|
Batting: RHB Pedro Luera
|
0-0: Called Strike 0-1: Called Strike 0-2: Strikes out swinging
|
|
Batting: RHB Mennad Maalik
|
0-0: Called Strike 0-1: Called Strike 0-2: SINGLE (Flyball, 7LS, EV 94.4 MPH) Ji-an See-to to second
|
|
Batting: RHB Settan Nakamura
|
0-0: Foul Ball, location: 2F 0-1: Ball 1-1: Ball 2-1: Foul Ball, location: 2F 2-2: Foul Ball, location: 2F 2-2: Foul Ball, location: 2F 2-2: Foul Ball, location: 2F 2-2: Foul Ball, location: 2F 2-2: Fly out, F7 (Flyball, 78S, EV 93.1 MPH)
|
| Top of the 9th over - 0 runs, 1 hit, 0 errors, 2 left on base; Oklahoma State University 4 - Pennsylvania State University 0 |
| BOTTOM OF THE 9TH |
|
Pennsylvania State University Nittany Lions batting - Pitching for Oklahoma State University Cowboys : RHP Cole Roome
|
|
Pinch Hitting: RHB Franklin van den Berg
|
0-0: Swinging Strike 0-1: Swinging Strike 0-2: Foul Ball, location: 2F 0-2: Fly out, F6 (Line Drive, 6M, EV 76.9 MPH)
|
|
Pitching: RHP Justin Rubino
|
|
|
Pinch Hitting: RHB Roberto Medina
|
0-0: Fly out, F7 (Flyball, 7, EV 76.2 MPH)
|
|
Pinch Hitting: LHB Elijah Mallandain
|
0-0: Called Strike 0-1: Ball 1-1: Swinging Strike 1-2: Foul Ball, location: 2F 1-2: Ball 2-2: Foul Ball, location: 2F 2-2: Strikes out swinging
|
| Bottom of the 9th over - 0 runs, 0 hits, 0 errors, 0 left on base; Oklahoma State University 4 - Pennsylvania State University 0 |
|